 Dungeon Crawl Stone Soup version 0.26-a0-362-g1d9a9cd4fa (webtiles) character file.

Game seed: 16240902890919712328

65 Corto the Digger (level 4, 0/24 HPs)
             Began as a Gargoyle Earth Elementalist on July 18, 2020.
             Killed by divine providence
             ... invoked by an orc priest
              (13 damage)
             ... on level 3 of the Dungeon.
             The game lasted 00:06:26 (2927 turns).

Corto the Digger (Gargoyle Earth Elementalist)      Turns: 2927, Time: 00:06:28

Health: 0/24       AC:  5    Str: 11    XL:     4   Next: 14%
Magic:  0/8        EV: 12    Int: 17    God:
Gold:   129        SH:  0    Dex: 10    Spells: 8/9 levels left

rFire    . . .     SeeInvis .   h - +0 whip
rCold    . . .     Faith    .   (no shield)
rNeg     + . .     Spirit   .   c - +0 robe
rPois    ∞         Reflect  .   (no helmet)
rElec    +         Harm     .   (no cloak)
rCorr    .                      (no gloves)
MR       .....                  (no boots)
Stlth    ++........             (no amulet)
HPRegen  0.08/turn              (no ring)
MPRegen  0.11/turn              (no ring)

@: very slightly contaminated
A: negative energy resistance 1, electricity resistance, unbreathing,
petrification resistance, rot immunity, AC +3
a: no special abilities


You were on level 3 of the Dungeon.
You visited 1 branch of the dungeon, and saw 3 of its levels.

You collected 129 gold pieces.

Inventory:

Hand Weapons
 h - a +0 whip (weapon)
Missiles
 b - 34 stones (quivered)
Armour
 c - a +0 robe (worn)
Jewellery
 i - a +6 ring of strength {unknown}
Scrolls
 f - a scroll of blinking {unknown}
 j - 2 scrolls of remove curse {unknown}
 k - 3 scrolls of identify {unknown}
 l - a scroll of immolation {unknown}
 m - a scroll of amnesia {unknown}
Potions
 a - a potion of curing {unknown}
 d - a potion of invisibility {unknown}
 e - a potion of stabbing {unknown}
 g - a potion of lignification {unknown}
 n - a potion of flight {unknown}


   Skills:
 - Level 1.5 Dodging
 - Level 2.1 Stealth
 + Level 3.1 Spellcasting
   Level 0.7 Transmutations
 + Level 4.9 Earth Magic


You had 8 spell levels left.
You knew the following spells:

 Your Spells              Type           Power        Failure   Level
a - Sandblast             Erth           ###...       2%          1

Your spell library contained the following spells:

 Spells                   Type           Power        Failure   Level
 Passwall                 Tmut/Erth      ##......     9%          2
 Stone Arrow              Conj/Erth      ##....       19%         3
 Petrify                  Tmut/Erth      ##......     47%         4
 Lee's Rapid Deconstruct  Erth           ###.......   54%         5


Dungeon Overview and Level Annotations

Branches:
Dungeon (3/15)

Altars:
Ashenzari
Nemelex Xobeh

Annotations:
D:3 2 transporters, Gargoyl's ghost, amateur CeAK


Innate Abilities, Weirdness & Mutations

You are resistant to torment.
Your stone body is resilient. (AC +3)
You are immune to poison.
You resist negative energy. (rN+)
You are resistant to electric shocks. (rElec)
You can survive without breathing.
You are immune to petrification.
You are immune to rotting.


Message History

The orc priest is severely wounded.
The adder bites you but does no damage.
The orc priest looks encouraged for a moment.
The adder barely misses you. The orc priest hits you with a +0 club.
Casting: Sandblast (safe; 2% risk of failure)
Confirm with . or Enter, or press ? or * to list all spells.
Aiming: Sandblast (safe; 2% risk of failure)
Press: ? - help, Shift-Dir - straight line, f/p - orc priest
Aim: an orc priest, wielding a +0 club and wearing a +0 chain mail (severely wounded)
The blast of sand hits the orc priest but does no damage.
The orc priest is severely wounded.
b - 34 stones The adder bites you but does no damage.
You hit the orc priest but do no damage.
The orc priest is severely wounded.
The adder closely misses you.
The orc priest invokes the aid of Beogh against you.
Beogh smites you!
Ouch! That really hurt!
You die... •••••█••███•••• █•••••••••••••• r••• ••••••••••••••• •••█ █•█•••••••••█ •••█ █•█•███o█ •••█ █•█•••█•█ •••█• █•██•██•█ ████•••█∆██•██S██=███•█• █••o••••>••••••@o•••••••• █••<••••••••••••••██•••██ █•••••••••█•███████ ••█ ███████████•██████ •█ █•█ █•█••••█ █ █•█ █•█••••█ █•█ █•█••••█ █•█•█ ████∆█••••█ █•█•█ █•••••••••█ █•█•█

You could see an orc priest and an adder.

Vanquished Creatures
  An adder (D:3)
  A worm (D:3)
  2 dart slugs
  2 leopard geckos
  2 orcs
  3 giant cockroaches (D:1)
  8 goblins
  4 hobgoblins (D:1)
  6 kobolds
  A quokka (D:2)
  3 bats (D:1)
  2 frilled lizards (D:1)
  10 rats (D:1)
45 creatures vanquished.

Notes
Turn   | Place    | Note
-------+----------+-------------------------------------------
     0 | D:1      | Corto the Gargoyle Earth Elementalist began the quest for
                  | the Orb.
     0 | D:1      | Reached XP level 1. HP: 10/10 MP: 3/3
   292 | D:1      | Reached XP level 2. HP: 13/15 MP: 5/5
   338 | D:1      | Reached skill level 4 in Earth Magic
  1138 | D:1      | Found a sparkling altar of Nemelex Xobeh.
  1328 | D:1      | Reached XP level 3. HP: 19/19 MP: 6/6
  2140 | D:2      | Found a shattered altar of Ashenzari.
  2753 | D:3      | Reached XP level 4. HP: 21/24 MP: 8/8
  2810 | D:3      | Found a transporter.
  2814 | D:3      | Noticed Gargoyl's ghost (amateur CeAK)
  2841 | D:3      | Found a transporter.
  2927 | D:3      | Killed from afar by an orc priest

Illustrated notes

Levels and vault maps discovered:
D:1:      dpeg_arrival_another_circle, layout_loops_ring,
          nemelex_xobeh_ov_fountains_minmay
D:2:      layout_basic, nicolae_overflow_hidden_temple
D:3:      layout_basic, cheibriados_altar_1,
          chequers_temple_overflow_statue_of_worship, gammafunk_ghost_stat_death

Skill      XL: |  1  2  3 |
---------------+----------+-----
Earth Magic    | 4 |  4.9
Spellcasting   | 3 |  3.1
Dodging        | |  1.5
Stealth        | |  2.1
Transmutations | |  0.7

Action                   |  1- 3 |  4- 6 || total
-------------------------+-------+-------++-------
Melee: Dagger            |    80 |       ||    80
       Unarmed           |     4 |       ||     4
       Whip              |   111 |    17 ||   128
 Cast: Sandblast         |    16 |     9 ||    25
 Stab: Sleeping          |     5 |       ||     5
Armor: Robe              |    71 |     5 ||    76
Dodge: Dodged            |   123 |    16 ||   139

Table legend:
 A = Non-vault XP
 B = Vault XP
 C = Vault XP percentage of total XP
 D = Non-vault monster count
 E = Vault monster count
 F = Vault count percentage of total count
                 A         B        C        D         E       F
            +---------+---------+-------+---------+---------+-------
      Total |      94 |       0 |   0.0 |      45 |       0 |   0.0
            +---------+---------+-------+---------+---------+-------
        D:1 |      52 |       0 |   0.0 |      33 |       0 |   0.0
        D:2 |      16 |       0 |   0.0 |       6 |       0 |   0.0
        D:3 |      26 |       0 |   0.0 |       6 |       0 |   0.0
            +---------+---------+-------+---------+---------+-------
